 Dungeon Crawl Stone Soup version 0.21.1-1-g345015fe64 (webtiles) character file.

333875 Htamos the Slayer (level 20, -3/212 HPs)
             Began as a Minotaur Berserker on July 7, 2018.
             Was the Champion of Trog.
             Killed from afar by a storm dragon (18 damage)
             ... with a bolt of lightning
             ... on level 5 of the Vaults.
             The game lasted 02:41:55 (49772 turns).

Htamos the Slayer (Minotaur Berserker)             Turns: 49772, Time: 02:41:55

Health: -3/212     AC: 50    Str: 28    XL:     20   Next: 93%
Magic:  6/6        EV:  8    Int: 10    God:    Trog [******]
Gold:   2023       SH:  0    Dex: 13    Spells: 19/19 levels left

rFire    + . .     SeeInvis +   K - +4 triple sword (antimagic)
rCold    + . .     Gourm    +   (shield currently unavailable)
rNeg     + . .     Faith    .   t - +12 crystal plate armour of Knowledge {rN+}
rPois    .         Spirit   .   s - +2 hat {Int+3}
rElec    .         Reflect  .   l - scarf {rC+ rF+}
rCorr    .         Harm     .   C - +2 pair of gloves
MR       +++++                  J - +2 pair of boots
Stlth    ..........             L - amulet of the gourmand
HPRegen  1.45/turn              y - ring of see invisible
MPRegen  0.10/turn              k - ring of the Mage {Wiz MR++ Int+3}

@: about to teleport, berserk cooldown, regenerating, slowed, very slow
A: retaliatory headbutt, horns 2
}: 2/15 runes: decaying, gossamer
a: Berserk, Trog's Hand, Brothers in Arms, Burn Spellbooks, Renounce Religion


You were on level 5 of the Vaults.
You worshipped Trog.
Trog was exalted by your worship.
You were near starving.

You visited 7 branches of the dungeon, and saw 37 of its levels.

You collected 4225 gold pieces.
You spent 2202 gold pieces at shops.

Inventory:

Hand Weapons
 v - the +7 Singing Sword
   (You found it on level 4 of the Dungeon)
 w - a +4 great sword of electrocution
 H - a +3 great sword of protection
 K - a +4 antimagic triple sword (weapon)
 Q - a +2 scimitar of flaming
 R - a +2 antimagic great sword
Armour
 d - a scarf of spirit shield
 j - the +2 large shield of Daegustre {rElec MR+ Str+4 Int-2}
   (You found it on level 13 of the Dungeon)

   It affects your strength (+4).
   It affects your intelligence (-2).
   It insulates you from electricity.
   It affects your resistance to hostile enchantments.
 l - a scarf of resistance (worn)
 s - a +2 hat of intelligence (worn)
 t - the +12 crystal plate armour of Knowledge (worn) {rN+}
   (You bought it in a shop on level 2 of the Orcish Mines)

   It protects you from negative energy.
 C - a +2 pair of gloves (worn)
 J - a +2 pair of boots (worn)
Jewellery
 b - an uncursed ring of ice
 k - the ring of the Mage (right hand) {Wiz MR++ Int+3}
   (You took it off a vault warden on level 1 of the Vaults)

   [ring of wizardry]

   It improves your spell success rate.
   It affects your intelligence (+3).
   It affects your resistance to hostile enchantments.
 q - an uncursed ring of poison resistance
 r - an uncursed ring of protection from magic
 y - a ring of see invisible (left hand)
 D - the ring of Ykkopuan {Str+9 Int+2 Dex-4 SInv Stlth-}
   (You bought it in a shop on level 9 of the Dungeon)

   [ring of loudness]

   It affects your strength (+9).
   It affects your intelligence (+2).
   It affects your dexterity (-4).
   It lets you see invisible.
   It makes you less stealthy.
 L - an amulet of the gourmand (around neck)
 T - an uncursed ring of protection from magic
Wands
 a - a wand of enslavement (31)
 m - a wand of disintegration (15)
 F - a wand of polymorph (16)
 G - a wand of iceblast (18)
 P - a wand of acid (8)
 W - a wand of flame (56)
 Y - a wand of digging (22)
 Z - a wand of random effects (118)
Scrolls
 h - 8 scrolls of remove curse
 i - 4 scrolls of fog
 o - a scroll of brand weapon
 x - 3 scrolls of magic mapping
 B - a scroll of silence {unknown}
 I - a scroll of fear
 O - a scroll of identify
 S - 5 scrolls of enchant armour
Potions
 n - 2 potions of ambrosia
 p - 6 potions of agility
 u - 3 potions of berserk rage
 z - 4 potions of flight
 A - 3 potions of invisibility
 N - 3 potions of mutation
 U - 2 potions of might
 V - 3 potions of resistance
 X - 3 potions of cancellation
Miscellaneous
 E - a phial of floods
 M - a phial of floods
Comestibles
 c - 62 rations


   Skills:
 * Level 25.7 Fighting
 - Level 24.0 Long Blades
 * Level 22.5 Armour
 - Level 2.3 Dodging
 - Level 0.9 Shields


You had 19 spell levels left.
You didn't know any spells.

Dungeon Overview and Level Annotations

Branches:
Dungeon (15/15)            Temple (0/1) D:7            Lair (6/6) D:10
  Swamp (4/4) Lair:3       Spider (4/4) Lair:3        Slime (1/5) Lair:5
    Orc (2/2) D:12            Elf (0/3) Orc:2        Vaults (5/5) D:14
  Crypt (0/3) Vaults:3     Depths (0/5) D:15

Altars:
Elyvilon
Fedhas
Hepliaklqana
Makhleb
Okawaru
Qazlal
Ru
Sif Muna
Trog
Wu Jian
Yredelemnul
Jiyva

Shops:
D:7 (   D:8 *   D:9 =   D:10 (   D:14 %   Orc:2 [*(:

Portals:
Trove: D:12 (give +4 ice dragon scales)

Annotations:
Lair:2 exclusion: 3 oklob plants
Vaults:1 exclusion: orange crystal statue


Innate Abilities, Weirdness & Mutations

You reflexively headbutt those who attack you in melee.
You have a pair of horns on your head.


Message History

The deep elf mage casts a spell.
The deep elf mage blinks!
The deep elf archer blinks!
The vault warden hits you but does no damage.
The deep elf annihilator gestures wildly while chanting.
The deep elf annihilator blinks!
The vault guard begs, "Please don't kill me!"
The deep elf mage casts a spell.
The deep elf mage blinks!
The freezing wraith hits you but does no damage.
The freezing wraith hits you!
* * * LOW HITPOINT WARNING * * *
The freezing wraith drains your vigour!
You feel as though you will be slow longer.
A deep troll comes into view.
Okay, then.
A storm dragon comes into view.
The vault guard shouts!
The storm dragon breathes lightning at you.
The bolt of lightning hits you!
You die... ....#.OC.# T#. # ..D#....# p.Q

##. #..#.p..# Op#.
#..e##.p#....#O....
....D...#....#...#.
....p..............
#############....Wp..####
O.....O.O...........ยง....
......C..D......@........
#########################


You could see a shadow dragon, a storm dragon, 2 vault wardens, 2 vault guards,
a deep elf death mage (fleeing), an ogre mage, an ironbrand convoker, a freezing
wraith and an ogre.

Vanquished Creatures
  Boris (Vaults:3)
  the Lernaean hydra (Swamp:4)
  Saint Roka (Orc:2)
  Rupert (Lair:3)
  Asterion (Vaults:2)
  The ghost of dracomuter the Hand of Fortune, an adept HaHu of Nemelex Xobeh (Vaults:1)
  4 sphinxes
  Gastronok (D:8)
  A thorn hunter (Swamp:4)
  2 tengu reavers (Vaults:5)
  Donald (Spider:1)
  Kirke (D:12)
  2 azure jellies
  14 vault wardens
  A frost giant (Vaults:2)
  A deep elf elementalist (Vaults:5)
  Aizul (Swamp:2)
  10 emperor scorpions
  A ghoul (Vaults:4)
  15 ironheart preservers
  4 ghost moths
  A stone giant (shapeshifter) (Vaults:5)
  2 war gargoyles
  3 very ugly things
  7 entropy weavers
  5 stone giants
  Nessos (Lair:5)
  A deep elf annihilator (Vaults:4)
  2 deep elf demonologists
  Azrael (Spider:1)
  A spark wasp (Spider:3)
  Josephine (D:13)
  A fire dragon (Vaults:5)
  A deep elf death mage (Vaults:4)
  11 ettins
  10 ogre magi
  4 yaktaur captains
  21 vault guards
  A rakshasa (Vaults:2)
  3 great orbs of eyes
  A catoblepas (D:13)
  3 ghost crabs
  19 hydras
  2 ice dragons (Vaults:2)
  5 death knights
  An anaconda (shapeshifter) (Vaults:5)
  The ghost of AAA992 the Cleaver, a novice HOFi of Okawaru (D:8)
  5 alligators
  7 centaur warriors
  27 two-headed ogres
  A dancing weapon (Vaults:4)
  6 death yaks (Lair:5)
  A queen ant (Spider:1)
  A deep troll earth mage (Vaults:3)
  A tengu warrior (D:15)
  Sonja (D:13)
  6 spriggans
  A deep elf knight (Vaults:1)
  3 skeletal warriors (Vaults:4)
  7 unseen horrors
  4 shadow wraiths
  3 spriggan druids (Swamp:4)
  8 deep trolls
  10 swamp dragons
  7 deep elf archers
  4 flayed ghosts
  2 shambling mangroves
  A wizard (Vaults:3)
  A wolf spider zombie (D:14)
  5 harpies
  15 orc knights
  16 deep elf magi
  18 orb spiders
  9 ironbrand convokers
  22 ugly things
  3 orc sorcerers
  A glowing shapeshifter (Vaults:4)
  16 cyclopes
  6 manticores
  36 wolf spiders
  4 moths of wrath
  A shining eye (shapeshifter) (Vaults:4)
  9 vault sentinels
  Joseph (D:8)
  5 gargoyles
  3 torpor snails
  2 black mambas (Lair:6)
  17 spiny frogs
  2 rime drakes
  A komodo dragon (shapeshifter) (Vaults:1)
  28 yaktaurs
  A kobold demonologist (D:15)
  6 freezing wraiths
  14 demonic crawlers
  An efreet (D:15)
  4 komodo dragons
  11 trolls
  A meliai (shapeshifter) (Vaults:4)
  A polar bear (shapeshifter) (D:14)
  A meliai (D:12)
  A wind drake (shapeshifter) (Vaults:2)
  22 blink frogs
  29 jumping spiders
  5 tyrant leeches
  12 hippogriffs
  A raiju (shapeshifter) (Vaults:1)
  3 polar bears
  27 hornets
  A dream sheep (shapeshifter) (Vaults:2)
  7 dream sheep
  12 bog bodies
  25 slime creatures
  69 redbacks
  A snapping turtle (shapeshifter) (D:14)
  A redback (shapeshifter) (Vaults:5)
  A spriggan (shapeshifter) (Vaults:2)
  Sigmund (D:2)
  6 shadows
  A vampire (D:11)
  27 yaks
  41 tarantellas
  5 wyverns
  2 basilisks
  12 wraiths
  3 fire elementals (Spider:1)
  Grum (D:8)
  4 hogs (D:12)
  3 hungry ghosts
  A steam dragon (D:14)
  A basilisk (shapeshifter) (D:15)
  16 vampire mosquitoes
  4 insubstantial wisps (Swamp:3)
  23 soldier ants
  5 wargs
  An acid dragon (D:12)
  21 swamp worms
  4 hell hounds (Spider:1)
  7 porcupines
  13 water moccasins
  14 swamp drakes
  2 black bears
  A swamp drake (shapeshifter) (D:12)
  An ettin simulacrum (Vaults:3)
  An ice beast (D:14)
  3 sky beasts
  26 ogres
  A black bear (shapeshifter) (D:14)
  22 orc warriors
  An eye of draining (D:12)
  4 phantoms
  18 wolves
  A centaur (shapeshifter) (D:12)
  11 centaurs
  14 crocodiles
  A big kobold (shapeshifter) (D:15)
  28 bullfrogs
  11 scorpions
  3 human simulacra
  4 electric eels
  7 wights
  A howler monkey (D:10)
  The ghost of tidbits the Grave Robber, a weakling GnNe (D:3)
  13 crimson imps
  4 centaur zombies
  3 bullfrog zombies
  A quasit (D:12)
  A gnoll shaman (D:9)
  5 jellies
  9 hounds
  21 orc priests
  A hound (shapeshifter) (Vaults:1)
  23 orc wizards
  3 bullfrog skeletons
  6 centaur skeletons
  Terence (D:2)
  Jessica (D:2)
  31 worker ants
  An iguana (D:9)
  A hound skeleton (D:7)
  Robin (D:4)
  14 adders
  4 gnolls (D:9)
  4 shadow imps
  2 white imps
  3 oozes (D:1)
  2 adder skeletons
  2 worms
  A dart slug (D:4)
  6 leopard geckos
  76 orcs
  6 giant cockroaches
  16 goblins
  8 hobgoblins
  8 jackals
  5 kobolds
  4 quokkas
  8 bats
  4 frilled lizards
  A giant cockroach zombie (D:5)
  A leopard gecko skeleton (D:4)
  A quokka skeleton (D:9)
  7 rats
  2 fungi
1447 creatures vanquished.

Vanquished Creatures (collateral kills)
  A tentacled monstrosity (Vaults:5)
  A vault warden (Vaults:5)
  A deep elf mage (Vaults:4)
  An orc knight (Vaults:4)
  An ugly thing (D:12)
  5 spiny frogs (Lair:6)
  A tyrant leech (Lair:6)
  4 yaks (Lair:6)
  A vampire mosquito (Lair:6)
  An ogre (D:12)
  A crocodile (Lair:6)
  A worker ant (D:12)
19 creatures vanquished.

Vanquished Creatures (others)
  An orb spider (Spider:2)
  A redback (Spider:3)
  A soldier ant (Spider:1)
  An orc wizard (Vaults:1)
  24 fungi
  24 plants
52 creatures vanquished.

Grand Total: 1518 creatures vanquished

Notes
Turn   | Place    | Note
-------+----------+-------------------------------------------
     0 | D:1      | Htamos the Minotaur Berserker began the quest for the Orb.
     0 | D:1      | Reached XP level 1. HP: 19/19 MP: 0/0
   141 | D:1      | Reached XP level 2. HP: 27/27 MP: 1/1
   609 | D:1      | Reached XP level 3. HP: 26/33 MP: 2/2
   804 | D:2      | Reached skill level 5 in Long Blades
   943 | D:2      | Reached ** piety under Trog
  1091 | D:2      | Noticed Jessica
  1142 | D:2      | Killed Jessica
  1142 | D:2      | Reached XP level 4. HP: 38/40 MP: 3/3
  1231 | D:2      | Noticed Sigmund
  1240 | D:2      | Killed Sigmund
  1240 | D:2      | Reached XP level 5. HP: 46/46 MP: 4/4
  1290 | D:2      | Found a basalt altar of Yredelemnul.
  1293 | D:2      | Found a sacrificial altar of Ru.
  1563 | D:3      | Noticed Terence
  1569 | D:2      | Killed Terence
  1717 | D:3      | Reached XP level 6. HP: 52/52 MP: 5/5
  1846 | D:3      | Noticed tidbits's ghost (weakling GnNe)
  1853 | D:3      | Killed tidbits's ghost
  2500 | D:4      | Noticed a wyvern
  2515 | D:4      | Killed a wyvern
  2515 | D:4      | Reached XP level 7. HP: 47/58 MP: 4/6
  2654 | D:4      | Reached skill level 10 in Long Blades
  2741 | D:4      | Reached *** piety under Trog
  2888 | D:4      | Noticed Robin
  2937 | D:4      | Killed Robin
  3226 | D:4      | Reached XP level 8. HP: 58/66 MP: 5/7
  3247 | D:4      | Received a gift from Trog
  3421 | D:4      | Found the +7 Singing Sword
  3709 | D:4      | You fall through a shaft for 3 floors!
  3716 | D:6      | Found a stormy altar of Qazlal.
  3899 | D:5      | Entered Level 5 of the Dungeon
  4061 | D:5      | Found a blossoming altar of Fedhas.
  4522 | D:5      | Found a deep blue altar of Sif Muna.
  4844 | D:6      | Found an ornate altar of the Wu Jian Council.
  5688 | D:7      | Reached XP level 9. HP: 71/71 MP: 6/8
  5754 | D:7      | Reached **** piety under Trog
  5788 | D:7      | Found a staircase to the Ecumenical Temple.
  5821 | D:7      | Found Houcuafa's Antique Weapon Shoppe.
  5871 | D:7      | Found a white marble altar of Elyvilon.
  6548 | D:8      | Noticed AAA992's ghost (novice HOFi)
  6559 | D:8      | Killed AAA992's ghost
  6559 | D:8      | Reached skill level 15 in Long Blades
  6579 | D:8      | Noticed Gastronok
  6624 | D:8      | Killed Gastronok
  6624 | D:8      | Reached XP level 10. HP: 50/78 MP: 6/9
  6745 | D:8      | Reached skill level 4 in Fighting
  7005 | D:8      | Noticed Joseph
  7012 | D:8      | Killed Joseph
  7044 | D:8      | Found a hazy altar of Hepliaklqana.
  7094 | D:8      | Found Ihotow's General Store.
  7096 | D:8      | Noticed a two-headed ogre
  7104 | D:8      | Killed a two-headed ogre
  7104 | D:8      | Reached skill level 5 in Fighting
  7104 | D:8      | Reached skill level 5 in Armour
  7505 | D:9      | Reached skill level 6 in Fighting
  7538 | D:8      | Noticed Grum
  7558 | D:8      | Killed Grum
  7739 | D:9      | Reached skill level 7 in Fighting
  7917 | D:9      | Reached ***** piety under Trog
  7928 | D:9      | Reached XP level 11. HP: 71/92 MP: 8/10
  8156 | D:9      | Reached skill level 8 in Fighting
  8222 | D:9      | Found Oschefupn's Jewellery Shoppe.
  8237 | D:9      | Bought the ring of Ykkopuan {Str+9 Int+2 Dex-4 SInv Stlth-} for 501 gold pieces
  8551 | D:9      | Found an iron altar of Okawaru.
  8761 | D:9      | Found a burning altar of Makhleb.
  8893 | D:10     | Entered Level 10 of the Dungeon
  9021 | D:10     | Found a staircase to the Lair.
  9389 | D:10     | Found Qygeen's Weapon Shop.
  9392 | D:10     | Bought a cursed -2 great sword for 1 gold piece
  9471 | D:10     | Reached skill level 9 in Fighting
  9486 | D:10     | You fall through a shaft for 2 floors!
  9486 | D:12     | Noticed a two-headed ogre
  9493 | D:12     | Killed a two-headed ogre
  9573 | D:12     | Noticed a two-headed ogre
  9579 | D:12     | Killed a two-headed ogre
  9579 | D:12     | Reached skill level 10 in Fighting
  9626 | D:12     | Found a portal to a secret trove of treasure.
  9682 | D:12     | Reached skill level 10 in Armour
  9799 | D:12     | Reached skill level 11 in Fighting
  9928 | D:12     | Noticed a purple ugly thing
  9934 | D:12     | Killed a purple ugly thing
 10201 | D:12     | Noticed an unseen horror
 10206 | D:12     | Killed an unseen horror
 10206 | D:12     | Received a gift from Trog
 10206 | D:12     | Reached XP level 12. HP: 111/111 MP: 11/11
 10302 | D:12     | Reached skill level 12 in Fighting
 10776 | D:12     | Noticed a six-headed hydra
 10786 | D:12     | Killed a nine-headed hydra
 10786 | D:12     | Reached skill level 13 in Fighting
 11063 | D:12     | Found a staircase to the Orcish Mines.
 11505 | D:12     | Noticed Kirke
 12217 | D:12     | Killed Kirke
 12217 | D:12     | Reached skill level 14 in Fighting
 12405 | Orc:1    | Entered Level 1 of the Orcish Mines
 12566 | Orc:1    | Received a gift from Trog
 12606 | Orc:1    | Noticed a two-headed ogre
 12610 | Orc:1    | Killed a two-headed ogre
 12806 | Orc:2    | Entered Level 2 of the Orcish Mines
 12807 | Orc:2    | Noticed an ettin
 13048 | Orc:1    | Killed an ettin
 13296 | Orc:2    | Reached XP level 13. HP: 118/125 MP: 10/12
 13306 | Orc:2    | Noticed an ettin
 13313 | Orc:2    | Killed an ettin
 13339 | Orc:2    | Found Douruost's Book Shop.
 13374 | Orc:2    | Found Few Paus's Antique Weapon Boutique.
 13374 | Orc:2    | Noticed an ettin
 13384 | Orc:2    | Killed an ettin
 13441 | Orc:2    | Noticed Saint Roka
 13798 | Orc:2    | Killed Saint Roka
 13798 | Orc:2    | Reached skill level 15 in Fighting
 13984 | Orc:2    | Noticed a stone giant
 14147 | Orc:2    | Killed a stone giant
 14340 | Orc:2    | Found a staircase to the Elven Halls.
 14471 | Orc:2    | Found Hiolloal's General Store.
 14524 | Orc:2    | Noticed an ettin
 14540 | Orc:2    | Killed an ettin
 14674 | Orc:2    | Found Runoox's Antique Armour Shop.
 15298 | D:13     | Reached skill level 16 in Fighting
 15298 | D:13     | Reached skill level 15 in Armour
 15521 | D:13     | Noticed Sonja
 16197 | D:13     | Noticed Josephine
 16205 | D:13     | Killed Josephine
 16258 | D:13     | Reached ****** piety under Trog
 16284 | D:13     | Got an ichor-stained large shield
 16290 | D:13     | Identified the +2 large shield of Daegustre {rElec MR+ Str+4 Int-2} (You found it on level 13 of the Dungeon)
 16389 | D:13     | Killed Sonja
 16481 | D:13     | Received a gift from Trog
 16643 | D:13     | Reached XP level 14. HP: 121/138 MP: 9/13
 16711 | D:13     | Found a bloodstained altar of Trog.
 17530 | D:14     | Found Umua's Food Emporium.
 17811 | D:14     | Found a gate to the Vaults.
 18030 | D:15     | Entered Level 15 of the Dungeon
 18209 | D:15     | Reached skill level 17 in Fighting
 18464 | D:15     | Found a staircase to the Depths.
 19214 | D:15     | Found a sacrificial altar of Ru.
 19335 | D:15     | Paralysed by fainting for 5 turns
 20458 | Lair:1   | Entered Level 1 of the Lair of Beasts
 20764 | Lair:1   | You fall through a shaft!
 20992 | Lair:2   | Received a gift from Trog
 21654 | Lair:3   | Noticed Rupert
 21670 | Lair:3   | Killed Rupert
 21670 | Lair:3   | Reached XP level 15. HP: 97/147 MP: 6/14
 21984 | Lair:3   | Found a staircase to the Swamp.
 22166 | Lair:3   | Found a hole to the Spider Nest.
 23663 | Lair:5   | Noticed Nessos
 24204 | Lair:5   | Killed Nessos
 24612 | Lair:5   | Reached skill level 18 in Fighting
 24674 | Lair:5   | Found a staircase to the Slime Pits.
 24674 | Lair:5   | Found a viscous altar of Jiyva.
 25043 | Lair:6   | Entered Level 6 of the Lair of Beasts
 25092 | Lair:6   | Received a gift from Trog
 25390 | Lair:6   | Received a gift from Trog
 26791 | Orc:2    | Bought a steaming crystal plate armour for 1700 gold pieces
 26801 | Orc:2    | Identified the +12 crystal plate armour of Knowledge {rN+} (You bought it in a shop on level 2 of the Orcish Mines)
 26953 | Swamp:1  | Entered Level 1 of the Swamp
 27013 | Swamp:1  | Received a gift from Trog
 27843 | Swamp:2  | Reached XP level 16. HP: 149/159 MP: 4/15
 28581 | Swamp:2  | Noticed Aizul
 28600 | Swamp:2  | Killed Aizul
 29170 | Swamp:3  | Received a gift from Trog
 29745 | Swamp:4  | Entered Level 4 of the Swamp
 30451 | Swamp:4  | Noticed a thorn hunter
 30460 | Swamp:4  | Killed a thorn hunter
 31413 | Swamp:4  | Noticed the 27-headed Lernaean hydra
 31421 | Swamp:4  | Killed the 25-headed Lernaean hydra
 31533 | Swamp:4  | Got a decaying rune of Zot
 32212 | Spider:1 | Entered Level 1 of the Spider Nest
 32212 | Spider:1 | Noticed Donald
 32235 | Spider:1 | Killed Donald
 32457 | Spider:1 | Received a gift from Trog
 32733 | Spider:1 | Reached XP level 17. HP: 166/166 MP: 5/16
 32912 | Spider:1 | Noticed Azrael
 32924 | Spider:1 | Killed Azrael
 33932 | Spider:2 | Received a gift from Trog
 35107 | Spider:2 | Reached skill level 19 in Fighting
 35675 | Spider:3 | Received a gift from Trog
 36810 | Spider:4 | Entered Level 4 of the Spider Nest
 37171 | Spider:3 | Received a gift from Trog
 37218 | Spider:4 | Reached skill level 20 in Fighting
 37920 | Spider:4 | Reached XP level 18. HP: 171/178 MP: 5/17
 38867 | Spider:4 | Received a gift from Trog
 39127 | Spider:4 | Got a gossamer rune of Zot
 39445 | Slime:1  | Entered Level 1 of the Pits of Slime
 39958 | Vaults:1 | Entered Level 1 of the Vaults
 40012 | Vaults:1 | Reached skill level 21 in Fighting
 40181 | Vaults:1 | Noticed dracomuter's ghost (adept HaHu)
 40204 | Vaults:1 | Killed dracomuter's ghost
 40206 | Vaults:1 | Received a gift from Trog
 40535 | Vaults:1 | Found a magical portal.
 40554 | Vaults:1 | Noticed a Tzitzimitl
 41794 | Vaults:1 | Received a gift from Trog
 42361 | Vaults:2 | Reached skill level 22 in Fighting
 42494 | Vaults:2 | Reached XP level 19. HP: 191/192 MP: 6/18
 42531 | Vaults:2 | Noticed Asterion
 42551 | Vaults:2 | Killed Asterion
 43105 | Vaults:2 | Received a gift from Trog
 44234 | Vaults:3 | Reached skill level 23 in Fighting
 44705 | Vaults:3 | Noticed Boris
 44723 | Vaults:3 | Killed Boris
 45267 | Vaults:3 | Found a staircase to the Crypt.
 45446 | Vaults:3 | Received a gift from Trog
 46328 | Vaults:4 | Received a gift from Trog
 46379 | Vaults:4 | Reached skill level 24 in Fighting
 46909 | Vaults:4 | Reached XP level 20. HP: 170/206 MP: 6/19
 48124 | Vaults:4 | Received a gift from Trog
 48660 | Vaults:4 | Reached skill level 25 in Fighting
 49295 | Vaults:5 | Entered Level 5 of the Vaults
 49355 | Vaults:5 | Received a gift from Trog
 49434 | Vaults:5 | Noticed a golden dragon
 49772 | Vaults:5 | Killed from afar by a storm dragon

Skill      XL: |  1  2  3  4  5  6  7  8  9 10 11 12 13 14 15 16 17 18 19 20 |
---------------+-------------------------------------------------------------+-----
Long Blades    | 4 5 7 9 11 13 16 18 20 23 24 | 24.0
Fighting       | 7 11 14 16 17 18 20 22 24 25 | 25.7
Armour         | 7 10 13 15 16 17 18 20 21 22 | 22.5
Dodging        | |  2.3
Shields        | |  0.9

Action                   |  1- 3 |  4- 6 |  7- 9 | 10-12 | 13-15 | 16-18 | 19-21 || total
-------------------------+-------+-------+-------+-------+-------+-------+-------++-------
Melee: Falchion          |    61 |    76 |   116 |       |       |       |       ||   253
       Headbutt          |    11 |    15 |    50 |    89 |   223 |   408 |   254 ||  1050
       Double sword      |       |       |   113 |   318 |    40 |       |       ||   471
       Great sword       |       |       |       |   106 |   578 |       |       ||   684
       Unarmed           |       |       |       |     6 |       |       |       ||     6
       Scimitar          |       |       |       |       |    89 |   255 |       ||   344
       Triple sword      |       |       |       |       |   127 |  1257 |   825 ||  2209
Invok: Berserk           |       |     4 |     4 |     8 |    13 |    13 |    20 ||    62
       Burn Spellbooks   |       |       |     1 |     1 |     4 |     3 |     1 ||    10
       Brothers in Arms  |       |       |       |       |     2 |       |     4 ||     6
       Trog's Hand       |       |       |       |       |     1 |     1 |     7 ||     9
Evoke: Wand              |       |       |       |     4 |     1 |     4 |     3 ||    12
       Phial of floods   |       |       |       |     1 |       |       |       ||     1
  Use: Scroll            |     6 |       |     9 |    14 |     7 |    19 |    13 ||    68
       Potion            |       |       |     1 |     2 |     4 |    12 |    13 ||    32
 Stab: Confused          |       |       |       |       |     1 |     1 |       ||     2
  Eat: Chunk             |     1 |     6 |    17 |    30 |    70 |    52 |    33 ||   209
       Ration            |       |       |       |       |     1 |     3 |     2 ||     6
Armor: Animal skin       |     2 |       |       |       |       |       |       ||     2
       Scale mail        |    18 |    41 |    58 |    76 |       |       |       ||   193
       Chain mail        |       |       |       |    74 |       |       |       ||    74
       Plate armour      |       |       |       |    71 |   521 |       |       ||   592
       Crystal plate arm |       |       |       |       |    56 |  1936 |   758 ||  2750
Dodge: Dodged            |    42 |    37 |    85 |   169 |   347 |   764 |   262 ||  1706
Block: Buckler           |       |       |       |     6 |       |       |       ||     6
       Large shield      |       |       |       |       |     7 |       |       ||     7
       Rpst.: Falchion   |    13 |     8 |    11 |       |       |       |       ||    32
       Double sword      |       |       |    10 |    26 |     2 |       |       ||    38
       Great sword       |       |       |       |     7 |    64 |       |       ||    71
       Scimitar          |       |       |       |       |     4 |    18 |       ||    22
       Triple sword      |       |       |       |       |    10 |    87 |    49 ||   146
